 Dungeon Crawl Stone Soup version 0.23.1 (webtiles) character file.

Game seed: 0

16763 Gargoyl the Cleaver (level 12, -4/100 HPs)
             Began as a Centaur Abyssal Knight on Mar 11, 2019.
             Was an Elder of Lugonu.
             Slain by a komodo dragon (27 damage)
             ... on level 3 of the Lair of Beasts on Mar 12, 2019.
             The game lasted 00:25:51 (16262 turns).

Gargoyl the Cleaver (Centaur Abyssal Knight)       Turns: 16262, Time: 00:25:52

Health: -4/100     AC: 11    Str: 22    XL:     12   Next: 12%
Magic:  19/19      EV: 12    Int: 11    God:    Lugonu [****..]
Gold:   784        SH:  0    Dex: 15    Spells: 11/11 levels left

rFire    . . .     SeeInvis .   n - +4 battleaxe
rCold    . . .     Gourm    .   (shield currently unavailable)
rNeg     + . .     Faith    .   t - +1 ring mail of Anaesthesia {rCorr Str+2 Dex+4}
rPois    .         Spirit   .   v - +1 helmet
rElec    .         Reflect  .   p - +0 cloak
rCorr    +         Harm     .   (no gloves)
MR       +....                  (no barding)
Stlth    ..........             w - amulet of regeneration
HPRegen  0.66/turn              s - ring of positive energy
MPRegen  0.16/turn              l - ring of protection from magic

@: very quick
A: large, hooves 3, deformed body, speed 2, strong 1, tough skin 3, wild magic
1, MP-powered wands
a: Depart the Abyss, Bend Space, Banish, Corrupt, Renounce Religion


You were on level 3 of the Lair of Beasts.
You worshipped Lugonu.
Lugonu was greatly pleased with you.
You were very hungry.

You visited 2 branches of the dungeon, and saw 12 of its levels.
You visited the Abyss 1 time.
You also visited: Sewer.

You collected 784 gold pieces.

Inventory:

Hand Weapons
 a - a +3 hand axe
 j - a +2 hand axe of freezing
 n - a +4 battleaxe (weapon)
 q - a +0 war axe
Missiles
 A - 2 javelins (quivered)
Armour
 p - a +0 cloak (worn)
 t - the +1 ring mail of Anaesthesia (worn) {rCorr Str+2 Dex+4}
   (You found it on level 5 of the Dungeon)

   It affects your strength (+2).
   It affects your dexterity (+4).
   It provides partial protection from all sources of acid and corrosion.
 v - a +1 helmet (worn)
Jewellery
 l - a ring of protection from magic (right hand)
 s - a ring of positive energy (left hand)
 w - an amulet of regeneration (around neck)
Wands
 f - a wand of flame (44)
 k - a wand of paralysis (3)
 y - a wand of scattershot (6)
 C - a wand of polymorph (7)
Scrolls
 d - 7 scrolls of teleportation
 e - 3 scrolls of fear
 g - 9 scrolls of remove curse
 m - 5 scrolls of amnesia
 x - 2 scrolls of identify
 z - a scroll of summoning {unknown}
 D - 2 scrolls of magic mapping
Potions
 b - 2 potions of magic
 h - 2 potions of haste
 i - 3 potions of brilliance
 o - 3 potions of lignification
 r - 2 potions of cancellation
 u - 3 potions of curing
 B - a potion of might
 E - a potion of heal wounds
Comestibles
 c - 17 rations


   Skills:
 + Level 7.5 Fighting
 + Level 10.1 Axes
 + Level 0.7 Throwing
 * Level 7.6 Armour
 * Level 6.0 Dodging
 * Level 9.9 Invocations
 + Level 1.4 Evocations


You had 11 spell levels left.
You didn't know any spells.
Your spell library contained the following spells:

 Spells                   Type           Power        Failure   Level  Hunger
 Corona                   Hex            #......      56%         1    ##.....
 Slow                     Hex            #.......     71%         2    ###....
 Sublimation of Blood     Necr           #.........   71%         2    ###....
 Ignite Poison            Fire/Tmut/Pois #.......     89%         3    ####...
 Inner Flame              Hex/Fire       #.......     89%         3    ####...
 Portal Projectile        Hex/Tloc       #.....       89%         3    ####...
 Cause Fear               Hex            #.........   99%         4    #####..
 Leda's Liquefaction      Hex/Erth       #.........   99%         4    #####..
 Petrify                  Tmut/Erth      #.......     99%         4    #####..
 Alistair's Intoxication  Tmut/Pois      #.......     100%        5    ######.
 Irradiate                Conj/Tmut      #.........   100%        5    ######.


Dungeon Overview and Level Annotations

Branches:
Dungeon (9/15)             Temple (0/1) D:5            Lair (3/6) D:9
 Spider (0/4) Lair:3
  Swamp: Lair:2-4    Shoals: Lair:2-4       Orc: D:9-12

Altars:
Ashenzari
Elyvilon
Fedhas
Qazlal
Ru
Sif Muna
Uskayaw
Wu Jian
Xom
Beogh

Shops:
D:8 *

Annotations:
D:8 1 runed translucent door
Lair:2 exclusion: 2 oklob plants


Innate Abilities, Weirdness & Mutations

You have hooves in place of feet.
Armour fits poorly on your strangely shaped body.
You cover ground very quickly.
You have extremely tough skin. (AC +3)
Your muscles are strong. (Str +2)
Your spells are a little harder to cast, but a little more powerful.
You expend magic power (3 MP) to strengthen your wands.


Message History

Throwing (i - inventory)
A - 5 javelins (quivered)
Press: ? - help, Shift-Dir - straight line, f/p - komodo dragon
Aim: a komodo dragon (severely wounded)
You throw a javelin.
The javelin completely misses the komodo dragon.
The komodo dragon bites you.
* * * LOW HITPOINT WARNING * * *
Throwing (i - inventory)
A - 4 javelins (quivered)
Press: ? - help, Shift-Dir - straight line, f/p - komodo dragon
Aim: a komodo dragon (severely wounded)
You throw a javelin. The javelin hits the komodo dragon.
The komodo dragon is almost dead.
Throwing (i - inventory)
A - 3 javelins (quivered)
Press: ? - help, Shift-Dir - straight line, f/p - komodo dragon
Aim: a komodo dragon (almost dead)
You throw a javelin.
The javelin hits the komodo dragon but does no damage.
The komodo dragon is almost dead.
The komodo dragon bites you!!
You die...

## .##### .!≈.P# ....#
###### .≈..#########
#P.#P####
..≈.#P##P##.#####...##.#
.≈.........(.(........##
..(.....###.###l......##
.......## ####..@......#
#.....## ##P......##
##....# #.......##
#...## #.#......#
....... ##.......#
....... ##......#
..##.... #......# ...###
..###.#....# .....#
......P...##


You could see a komodo dragon.

Vanquished Creatures
  Gastronok (Lair:1)
  Erica (Lair:2)
  Joseph (D:7)
  5 elephants (Lair:1)
  6 spiny frogs
  4 komodo dragons
  A jumping spider (Lair:3)
  A troll (D:9)
  5 hippogriffs
  4 yaks (D:9)
  2 basilisks
  A hungry ghost (D:9)
  Menkaure (D:4)
  Edmund (D:6)
  6 water moccasins
  2 porcupines (Lair:3)
  4 phantoms
  5 sky beasts
  3 black bears
  2 orc warriors (D:9)
  5 wolves (D:9)
  2 ogres
  7 crocodiles
  4 centaurs
  Blork the orc (D:4)
  A big kobold (D:9)
  9 bullfrogs
  A water moccasin skeleton (D:4)
  3 scorpions
  6 killer bees
  6 electric eels
  A howler monkey (D:4)
  8 wights
  3 crimson imps
  A centaur zombie (D:5)
  4 hounds
  3 jellies
  7 orc wizards
  A centaur skeleton (D:6)
  7 orc priests
  Crazy Yiuf (D:4)
  An iguana (D:6)
  4 worker ants
  Robin (D:2)
  2 worker ant zombies
  3 gnolls (D:6)
  13 adders
  2 shadow imps
  2 worms
  2 dart slugs
  6 leopard geckos
  29 orcs
  7 ball pythons
  7 giant cockroaches
  24 goblins
  11 hobgoblins
  12 jackals
  14 kobolds
  4 quokkas
  7 bats
  6 frilled lizards
  A quokka skeleton (D:4)
  5 rats
  2 fungi (Lair:3)
  2 plants
304 creatures vanquished.

Vanquished Creatures (others)
  A hydra (Lair:1)
  An orc warrior (D:6)
  An electric eel (D:9)
  3 fungi
  5 plants
11 creatures vanquished.

Grand Total: 315 creatures vanquished

Notes
Turn   | Place    | Note
-------+----------+-------------------------------------------
     0 | Abyss:1  | Gargoyl the Centaur Abyssal Knight began the quest for the
                  | Orb.
     0 | Abyss:1  | Reached XP level 1. HP: 19/19 MP: 2/2
    84 | Abyss:1  | Noticed a small abomination
    84 | Abyss:1  | Noticed a vampire
    87 | D:1      | Escaped the Abyss
   366 | D:1      | Reached XP level 2. HP: 15/26 MP: 3/3
   370 | D:1      | Reached * piety under Lugonu
   625 | D:1      | Reached skill level 2 in Axes
   724 | D:1      | Reached skill level 1 in Dodging
  1122 | D:2      | Noticed Robin
  1134 | D:2      | Reached XP level 3. HP: 19/31 MP: 4/4
  1147 | D:2      | Killed Robin
  1605 | D:2      | Reached ** piety under Lugonu
  1742 | D:2      | Reached XP level 4. HP: 38/38 MP: 5/5
  2543 | D:3      | Found a white marble altar of Elyvilon.
  3194 | D:4      | Reached XP level 5. HP: 22/45 MP: 7/7
  3443 | D:4      | Reached skill level 3 in Axes
  3477 | D:4      | Noticed Blork the orc
  3484 | D:4      | Killed Blork the orc
  3484 | D:4      | Reached XP level 6. HP: 37/52 MP: 8/8
  3506 | D:4      | Reached *** piety under Lugonu
  3891 | D:4      | Reached XP level 7. HP: 42/58 MP: 9/9
  4007 | D:4      | Noticed Menkaure
  4015 | D:4      | Killed Menkaure
  4319 | D:4      | Found a stormy altar of Qazlal.
  4322 | D:4      | Found a hide-covered altar of Uskayaw.
  4346 | D:4      | Found a deep blue altar of Sif Muna.
  4445 | D:4      | Found a runed translucent door.
  4446 | D:4      | Noticed Crazy Yiuf
  4528 | D:4      | Found an ornate altar of the Wu Jian Council.
  4542 | D:4      | Found a sacrificial altar of Ru.
  5095 | D:4      | Gained mutation: Your muscles are strong. (Str +2) [potion
                  | of mutation]
  5095 | D:4      | Gained mutation: Your spells are a little harder to cast,
                  | but a little more powerful. [potion of mutation]
  5095 | D:4      | Gained mutation: You expend magic power (3 MP) to
                  | strengthen your wands. [potion of mutation]
  5101 | D:4      | Killed Crazy Yiuf
  5242 | D:5      | Entered Level 5 of the Dungeon
  5294 | D:5      | Reached skill level 4 in Axes
  5525 | D:5      | Reached skill level 1 in Evocations
  5560 | D:5      | Found a shattered altar of Ashenzari.
  5602 | D:5      | Reached XP level 8. HP: 54/66 MP: 11/11
  5607 | D:5      | Got a brightly glowing ring mail
  5618 | D:5      | Identified the cursed +1 ring mail of Anaesthesia {rCorr
                  | Str+2 Dex+4} (You found it on level 5 of the Dungeon)
  5687 | D:4      | Found a blossoming altar of Fedhas.
  6180 | D:5      | Found a staircase to the Ecumenical Temple.
  6443 | D:6      | Reached skill level 5 in Armour
  6666 | D:7      | Found a shimmering altar of Xom.
  6667 | D:7      | Found a shimmering altar of Xom.
  6808 | D:6      | Reached skill level 5 in Axes
  7057 | D:6      | Found a glowing drain.
  7061 | D:6      | Noticed Edmund
  7072 | D:6      | Reached skill level 5 in Invocations
  7082 | Sewer    | Entered a sewer
  7694 | D:6      | Killed Edmund
  7694 | D:6      | Reached **** piety under Lugonu
  7923 | D:6      | Reached XP level 9. HP: 72/72 MP: 12/12
  8290 | D:7      | Found a shimmering altar of Xom.
  8445 | D:7      | Noticed Joseph
  8463 | D:7      | Killed Joseph
  8463 | D:7      | Reached skill level 6 in Axes
  8519 | D:7      | Reached skill level 5 in Fighting
  8900 | D:8      | Found Mes Vaoh's Assorted Antiques.
  9530 | D:8      | Noticed a two-headed ogre
  9531 | D:8      | Found a runed translucent door.
  9734 | D:8      | Reached XP level 10. HP: 59/81 MP: 14/14
  9819 | D:9      | Reached skill level 7 in Axes
 10750 | D:9      | Found a staircase to the Lair.
 10851 | D:9      | Reached ***** piety under Lugonu
 10885 | D:9      | Reached skill level 8 in Axes
 11207 | D:9      | Found a roughly hewn altar of Beogh.
 11749 | Lair:1   | Entered Level 1 of the Lair of Beasts
 11749 | Lair:1   | Noticed a six-headed hydra
 11752 | Lair:1   | Banished a six-headed hydra
 11752 | Lair:1   | Reached skill level 5 in Dodging
 11811 | Lair:1   | Noticed a spiny frog
 11820 | Lair:1   | Killed a spiny frog
 11933 | Lair:1   | Found a hide-covered altar of Uskayaw.
 11963 | Lair:1   | Noticed Gastronok
 11975 | Lair:1   | Noticed Erica
 12056 | Lair:1   | HP: 2/84 [Gastronok (28)]
 12060 | Lair:1   | Killed Gastronok
 12060 | Lair:1   | Reached XP level 11. HP: 18/91 MP: 17/17
 12449 | Lair:1   | Reached skill level 9 in Axes
 13372 | Lair:2   | Noticed a four-headed hydra
 13373 | Lair:2   | Banished a four-headed hydra
 14307 | Lair:2   | Killed Erica
 14660 | Lair:2   | Noticed an oklob plant
 15126 | Lair:2   | Reached XP level 12. HP: 90/100 MP: 19/19
 15880 | Lair:3   | Found a hole to the Spider Nest.
 15901 | Lair:3   | Reached skill level 10 in Axes
 16262 | Lair:3   | Slain by a komodo dragon

Skill      XL: |  1  2  3  4  5  6  7  8  9 10 11 12 |
---------------+-------------------------------------+-----
Axes           | 2 3 4 5 6 8 9 10 | 10.1
Dodging        | 1 2 3 4 5 6 |  6.0
Armour         | 2 3 4 5 6 7 |  7.6
Invocations    | 3 4 5 6 8 9 |  9.9
Fighting       | 4 5 6 7 |  7.5
Evocations     | 1 |  1.4
Throwing       | |  0.7

Action                   |  1- 3 |  4- 6 |  7- 9 | 10-12 || total
-------------------------+-------+-------+-------+-------++-------
Melee: Hand axe          |   104 |   157 |   297 |     7 ||   565
       Kick              |    10 |    26 |   114 |   146 ||   296
       Battleaxe         |       |       |    51 |   424 ||   475
Throw: Javelin           |       |       |       |    19 ||    19
Invok: Depart the Abyss  |     1 |       |       |       ||     1
       Banish            |       |       |     6 |     8 ||    14
Evoke: Wand              |       |    11 |    10 |       ||    21
  Use: Scroll            |     6 |     5 |     8 |     4 ||    23
       Potion            |     5 |     3 |     4 |     3 ||    15
  Eat: Chunk             |     1 |     6 |    15 |    11 ||    33
       Ration            |       |       |     1 |     4 ||     5
Armor: Ring mail         |    61 |    65 |   161 |   210 ||   497
       Skin              |       |     2 |       |       ||     2
Dodge: Dodged            |    53 |    68 |   183 |   297 ||   601
